AoeStats
← Greg The Egg

Arena

510725663Analyzed
2v2 RM · 7h ago on Oct 2, 2026· 59m 17s· 4 players
Game mode
Random Map
Map size
Medium (4 player)
Population
200
Speed
Normal
Resources
Standard
Victory
Conquest
Starting age
Dark Age
Ending age
Imperial Age
RankedLock teamsTeams togetherTeam positionsShared explorationLock speedFull tech treeHidden civsTurbo modeCheats
Victory
Defeat
🇬🇧 Burgundians · United Kingdom
1328
+11
🇳🇿 Varangians · New Zealand
1133
+18
🇪🇸 Britons · Spain
1198
-15
🇪🇸 Spanish · Spain
1195
-14
esnifopegamento
10:52 Feudal Age
12:04 Loom
15:56 Castle Age
15:14 Double-Bit Axe
15:10 Horse Collar
21:34 Town Watch
22:24 Pikeman
25:01 Gold Mining
25:02 Stone Mining
25:01 Crossbowman
29:43 Imperial Age
28:46 Forging
29:06 Scale Mail Armor
31:54 Chemistry
31:23 Warwolf
32:05 Wheelbarrow
32:08 Squires
32:31 Chain Mail Armor
33:16 Fletching
34:08 Bow Saw
34:01 Bodkin Arrow
34:55 Ballistics
34:51 Town Patrol
35:23 Fortified Wall
35:50 Yeomen
35:50 Bracer
37:57 Siege Engineers
39:16 Padded Archer Armor
38:48 Arbalester
39:01 Elite Skirmisher
41:24 Gold Shaft Mining
41:06 Hand Cart
41:06 Elite Skirmisher
42:05 Leather Archer Armor
42:26 Masonry
44:24 Conscription
44:39 Hoardings
45:48 Iron Casting
45:52 Halberdier
49:41 Plate Mail Armor
50:11 Blast Furnace
50:29 Careening
50:17 Murder Holes
50:53 Architecture
54:06 Ring Archer Armor
Abalos_69
11:52 Feudal Age
10:49 Loom
15:38 Castle Age
13:55 Double-Bit Axe
14:54 Stone Mining
23:24 Horse Collar
29:53 Imperial Age
28:19 Bow Saw
28:12 Pikeman
28:52 Squires
28:57 Scale Mail Armor
30:44 Chain Mail Armor
30:40 Forging
31:54 Chemistry
33:00 Wheelbarrow
32:11 Town Watch
32:38 Halberdier
34:48 Hand Cart
34:41 Heavy Plow
35:46 Plate Mail Armor
36:28 Iron Casting
35:44 Fletching
36:19 Ballistics
36:10 Masonry
39:30 Blast Furnace
38:26 Bodkin Arrow
45:33 Two-Man Saw
Lanyard
6:31 Double-Bit Axe
8:08 Wheelbarrow
7:42 Horse Collar
11:00 Feudal Age
15:04 Castle Age
13:20 Bow Saw
13:53 Heavy Plow
22:55 Gold Mining
24:18 Two-Man Saw
24:46 Crop Rotation
25:04 Hand Cart
25:29 Gold Shaft Mining
25:06 Stone Mining
25:09 Town Watch
25:09 Loom
28:22 Imperial Age
26:47 Burgundian Vineyards
27:32 Scale Barding Armor
27:38 Forging
28:13 Stone Shaft Mining
28:33 Chain Barding Armor
28:50 Husbandry
29:39 Iron Casting
28:40 Light Cavalry
29:42 Conscription
29:17 Elite Coustillier
30:38 Plate Barding Armor
30:37 Town Patrol
33:12 Blast Furnace
31:38 Hussar
33:52 Chemistry
33:17 Masonry
33:27 Padded Archer Armor
35:11 Hoardings
36:20 Leather Archer Armor
38:14 Capped Ram
38:57 Fletching
39:42 Architecture
39:33 Ballistics
40:15 Hoardings
48:16 Guilds
48:07 Caravan
48:37 Coinage
48:32 Murder Holes
48:18 Treadmill Crane
48:26 Cavalier
52:01 Elite Skirmisher
53:10 Fortified Wall
53:32 Bodkin Arrow
54:14 Fortified Wall
56:27 Bracer
57:12 Banking
56:25 Paladin
Greg The Egg
11:36 Feudal Age
15:25 Castle Age
13:31 Double-Bit Axe
13:59 Horse Collar
17:43 Bow Saw
24:10 Heavy Plow
24:27 Stone Mining
24:32 Loom
27:51 Wheelbarrow
30:29 Imperial Age
28:35 Bloodlines
28:44 Husbandry
28:48 Gold Mining
28:54 Town Watch
29:25 Hand Cart
31:21 Stone Shaft Mining
31:34 Cavalier
32:54 Crop Rotation
33:25 Two-Man Saw
34:07 Chemistry
33:18 Masonry
34:19 Conscription
35:11 Scale Barding Armor
35:18 Forging
34:59 Fletching
35:09 Light Cavalry
37:02 Chain Barding Armor
37:18 Iron Casting
36:39 Bodkin Arrow
36:45 Scale Mail Armor
36:49 Town Patrol
37:22 Architecture
37:13 Ballistics
36:59 Siege Engineers
36:50 Hussar
36:58 Vendel Legacy
37:06 Elite Varangian Guard
37:32 Gambesons
37:33 Arson
37:49 Squires
38:29 Capped Ram
38:38 Gothikon
39:43 Chain Mail Armor
40:04 Plate Barding Armor
40:30 Blast Furnace
39:54 Treadmill Crane
40:25 Fortified Wall
39:46 Siege Ram
41:36 Plate Mail Armor
41:09 Bracer
44:57 Hussar
48:43 Elite Jarl
56:18 Padded Archer Armor
Connection lost

Rejoining the realm…

Still unreachable

The connection could not be restored.

Session expired

The server has moved on; the page needs a fresh start.